 Dungeon Crawl Stone Soup version 0.29-a0-613-gf2c431b9b9 (webtiles) character file.

Game seed: 5116898155115982626

4474 Pooter the Grappler (level 10, -3/96 HPs)
             Began as a Troll Fighter on June 16, 2022.
             Was an Initiate of Okawaru.
             Slain by a seven-headed hydra (9 damage)
             ... on level 8 of the Dungeon on June 17, 2022.
             The game lasted 00:51:51 (7608 turns).

Pooter the Grappler (Troll Fighter)                 Turns: 7608, Time: 00:51:52

Health: -3/96      AC:  9    Str: 36    XL:     10   Next: 15%
Magic:  9/9        EV: 11    Int:  4    God:    Okawaru [......]
Gold:   554        SH:  0    Dex: 15    Spells: 9/9 levels left

rFire   . . .      SeeInvis .   M - +6 dire flail
rCold   . . .      Faith    .   (shield currently unavailable)
rNeg    . . .      Spirit   .   i - +0 acid dragon scales
rPois   .          Reflect  .   (helmet restricted)
rElec   .          Harm     .   e - +0 cloak
rCorr   +          Rampage  .   (gloves unavailable)
Will    .....                   (boots unavailable)
Stlth   ++........              (no amulet)
HPRegen 1.06/turn               z - +6 ring of dexterity
MPRegen 0.11/turn               G - +6 ring of strength

@: studying Stealth
A: large, unfitting armour, claws 3, regeneration 1, shaggy fur 1, tough skin 1
a: Renounce Religion


You were on level 8 of the Dungeon.
You worshipped Okawaru.
Okawaru was noncommittal.
You visited 2 branches of the dungeon, and saw 9 of its levels.
You also visited: Sewer.

You collected 554 gold pieces.

Inventory:

Hand Weapons
 b - a +4 hunting sling of freezing
   (You found it on level 2 of the Dungeon)
 K - a +4 hand axe
   (You took it off an orc on level 5 of the Dungeon)
 M - a +6 dire flail (weapon)
   (You took it off a wight on level 6 of the Dungeon)
 N - a +4 broad axe
   (You took it off a boggart on level 6 of the Dungeon)
 O - a +2 whip of freezing
   (You took it off a kobold on level 2 of the Dungeon)
Missiles
 l - 4 javelins
 I - 9 boomerangs (quivered)
 Q - 165 stones
Armour
 e - a +0 cloak (worn)
   (You found it on level 1 of the Dungeon)
 i - +0 acid dragon scales (worn)
   (You found it on level 8 of the Dungeon)
 k - the +3 robe of Vahof {rC+ Str+3}
   (You found it on level 5 of the Dungeon)

   Str:       It affects your strength (+3).
   rC:        It protects you from cold.
 n - a +2 kite shield
   (You took it off a gnoll sergeant on level 6 of the Dungeon)
Jewellery
 z - a +6 ring of dexterity (left claw)
   (You found it on level 3 of the Dungeon)
 F - a ring of protection from fire
   (You found it on level 4 of the Dungeon)
 G - a +6 ring of strength (right claw)
   (You found it on level 7 of the Dungeon)
 H - an amulet of magic regeneration
   (You found it on level 4 of the Dungeon)
Wands
 d - a wand of iceblast (10)
   (You took it off a centaur on level 6 of the Dungeon)
 f - a wand of flame (20)
   (You took it off Ijyb on level 3 of the Dungeon)
 J - a wand of polymorph (5)
   (You took it off an orc on level 5 of the Dungeon)
Scrolls
 a - 2 scrolls of blinking
 h - 3 scrolls of enchant armour
 o - 6 scrolls of immolation {!r}
 t - 5 scrolls of teleportation {@r4}
 u - 2 scrolls of vulnerability {!r}
 x - a scroll of poison {!r}
 y - 2 scrolls of fear
 B - 2 scrolls of fog {unknown}
 D - a scroll of silence
 E - a scroll of magic mapping
 P - a scroll of noise {unknown}
Potions
 c - 4 potions of might
 g - 4 potions of heal wounds {@q2}
 j - 2 potions of mutation {unknown}
 m - a potion of ambrosia {unknown}
 p - 5 potions of attraction {!q}
 q - a potion of resistance {unknown}
 r - a potion of haste {unknown}
 s - 3 potions of lignification {unknown}
 v - 4 potions of flight
 w - 2 potions of invisibility {unknown}
 A - a potion of cancellation {unknown}
 C - 4 potions of curing {@q1}
 L - a potion of brilliance {unknown}


   Skills:
 + Level 5.3 Fighting
 + Level 4.8 Throwing
 - Level 5.1 Dodging
 + Level 1.6 Stealth
 + Level 5.7 Shields
 * Level 8.3 Unarmed Combat
 + Level 3.7 Evocations


You had 9 spell levels left.
You didn't know any spells.
Your spell library contained the following spells:

 Spells                   Type           Power      Damage    Failure   Level
 Slow                     Hex            0%         N/A       54%         1
 Blink                    Tloc           0%         N/A       69%         2
 Confusing Touch          Hex            0%         N/A       89%         3
 Gell's Gravitas          Tloc           0%         N/A       89%         3
 Lesser Beckoning         Tloc           0%         N/A       89%         3
 Teleport Other           Tloc           0%         N/A       89%         3
 Vampiric Draining        Necr           0%         2d6       89%         3
 Manifold Assault         Tloc           0%         N/A       100%        5


Dungeon Overview and Level Annotations

Branches:
Dungeon (8/15)             Temple (1/1) D:7           Sewer (visited)
   Lair: D:8-11

Altars:
Cheibriados
Dithmenos
Elyvilon
Fedhas
Gozag
Hepliaklqana
Kikubaaqudgha
Makhleb
Nemelex Xobeh
Okawaru
Qazlal
Ru
Sif Muna
Trog
Uskayaw
Vehumet
Wu Jian
Xom
Yredelemnul
Zin
The Shining One

Shops:
D:5 [


Innate Abilities, Weirdness & Mutations

You are too large for most types of armour.
You have claws for hands.
Your natural rate of healing is unusually fast.
You are covered in fur. (AC +1)
You have tough skin. (AC +1)


Message History

Keep disrobing?
You start removing your armour.
You continue taking off your +2 kite shield.
The warg bites you!
You continue taking off your +2 kite shield.
The warg pauses to sniff the ground.
The warg misses you.
You continue taking off your +2 kite shield.
The warg closely misses you.
You continue taking off your +2 kite shield.
The warg barely misses you.
You finish taking off your +2 kite shield.
M - a +6 dire flail (weapon)
The seven-headed hydra bites you but does no damage.
The seven-headed hydra barely misses you.
The seven-headed hydra bites you.
The seven-headed hydra closely misses you.
The seven-headed hydra bites you. x2
The seven-headed hydra completely misses you.
The warg bites you!
You bludgeon the seven-headed hydra!! The seven-headed hydra bites you!
The seven-headed hydra closely misses you.
The seven-headed hydra bites you but does no damage.
The seven-headed hydra misses you.
The seven-headed hydra barely misses you. x2
The seven-headed hydra bites you!
* * * LOW HITPOINT WARNING * * *
The warg bites you!
* * * LOW HITPOINT WARNING * * *
You sock the seven-headed hydra! The warg bites you.
* * * LOW HITPOINT WARNING * * *
The seven-headed hydra bites you.
* * * LOW HITPOINT WARNING * * *
The seven-headed hydra completely misses you.
The seven-headed hydra barely misses you.
The seven-headed hydra bites you but does no damage.
The seven-headed hydra bites you!
* * * LOW HITPOINT WARNING * * *
The seven-headed hydra bites you!
* * * LOW HITPOINT WARNING * * *
The seven-headed hydra bites you but does no damage.
The warg completely misses you.
The seven-headed hydra barely misses you.
The seven-headed hydra closely misses you.
The seven-headed hydra barely misses you. x2
The seven-headed hydra bites you but does no damage.
The seven-headed hydra bites you!
* * * LOW HITPOINT WARNING * * *
The seven-headed hydra bites you!
You die...

#..###.....##
###..........##.
............h....
#####......D....h
#...#####....
#####.[.## ....
#......oh# ..P
#......#D## ..
#......#h@#
#########.#
#####....#
###........#
##...†....###
#......####
##...#### #...##
##...#


You could see a seven-headed hydra, 2 wargs and an orc.

Vanquished Creatures
  A manticore (D:6)
  Grinder (D:5)
  Prince Ribbit (D:8)
  A wyvern (D:6)
  A steam dragon (D:7)
  Menkaure (D:4)
  A water moccasin (D:5)
  2 ice beasts (D:6)
  A sky beast (D:8)
  3 black bears
  2 centaurs (D:6)
  An ogre (D:5)
  A boggart (D:6)
  3 phantoms
  3 bullfrogs
  A necrophage (D:7)
  A gnoll sergeant (D:6)
  6 scorpions
  5 wights (D:6)
  4 killer bees (D:7)
  2 howler monkeys
  8 hounds
  A jelly (D:5)
  A gnoll shaman (D:7)
  Jessica (D:2)
  6 iguanas
  Ijyb (D:3)
  An orc wizard (D:7)
  12 gnolls
  12 adders
  4 river rats (Sewer)
  3 white imps
  3 worms
  2 dart slugs
  13 orcs
  10 ball pythons
  8 bats
  5 endoplasms
  5 giant cockroaches
  4 goblins
  A hobgoblin (D:1)
  3 jackals (Sewer)
  8 kobolds
  7 quokkas
  6 frilled lizards
  8 rats
175 creatures vanquished.

Notes
Turn   | Place    | Note
-------+----------+-------------------------------------------
     0 | D:1      | Pooter the Troll Fighter began the quest for the Orb.
     0 | D:1      | Reached XP level 1. HP: 22/22 MP: 0/0
   187 | D:1      | Reached XP level 2. HP: 29/29 MP: 1/1
   898 | D:2      | Reached XP level 3. HP: 36/36 MP: 2/2
  1002 | D:2      | Noticed Jessica
  1010 | D:2      | Killed Jessica
  1011 | D:2      | Reached skill level 3 in Unarmed Combat
  1273 | D:2      | Reached XP level 4. HP: 42/44 MP: 3/3
  1665 | D:3      | Found a glowing drain.
  1669 | Sewer    | Entered a sewer
  1680 | Sewer    | Reached skill level 1 in Throwing
  1865 | Sewer    | Reached XP level 5. HP: 29/52 MP: 4/4
  2446 | D:3      | Noticed Ijyb
  2464 | D:3      | Killed Ijyb
  2465 | D:3      | Reached skill level 4 in Unarmed Combat
  2903 | D:4      | Noticed a black bear
  2952 | D:4      | Killed a black bear
  2953 | D:4      | Reached XP level 6. HP: 42/61 MP: 5/5
  3479 | D:4      | Reached skill level 1 in Evocations
  3479 | D:4      | Reached XP level 7. HP: 67/67 MP: 6/6
  3617 | D:4      | Noticed Menkaure
  3628 | D:4      | Killed Menkaure
  3629 | D:4      | Reached skill level 5 in Unarmed Combat
  3863 | D:5      | Entered Level 5 of the Dungeon
  3863 | D:5      | Found Feoqowa's Armour Boutique.
  3927 | D:5      | Noticed Grinder
  4178 | D:5      | Killed Grinder
  4179 | D:5      | Reached XP level 8. HP: 63/78 MP: 7/7
  4379 | D:5      | Reached skill level 6 in Unarmed Combat
  4806 | D:5      | Identified the +3 robe of Vahof {rC+ Str+3}
  5311 | D:6      | Noticed a manticore
  5426 | D:6      | Reached XP level 9. HP: 81/85 MP: 8/8
  5432 | D:6      | Killed a manticore
  5433 | D:6      | Reached skill level 5 in Shields
  5433 | D:6      | Reached skill level 7 in Unarmed Combat
  5609 | D:6      | Noticed Blork the orc
  5611 | D:6      | Noticed Blork
  5611 | D:6      | Blork the orc changed into Blork the boggart
  5617 | D:6      | Killed Blork the boggart
  5647 | D:6      | Reached skill level 5 in Fighting
  6263 | D:6      | Reached skill level 5 in Dodging
  6297 | D:6      | Reached skill level 8 in Unarmed Combat
  6423 | D:7      | Reached skill level 1 in Stealth
  6452 | D:7      | Reached XP level 10. HP: 62/96 MP: 9/9
  6592 | D:7      | Found a staircase to the Ecumenical Temple.
  6672 | Temple   | Entered the Ecumenical Temple
  6734 | Temple   | Became a worshipper of Warmaster Okawaru
  7494 | D:8      | Noticed Prince Ribbit
  7509 | D:8      | Killed Prince Ribbit
  7591 | D:8      | Noticed a seven-headed hydra
  7608 | D:8      | Slain by a seven-headed hydra

Illustrated notes

Levels and vault maps discovered:
D:1:      co_arrival_square_in_a_square_in_a_square, layout_loops_cross
D:2:      layout_basic, uniq_jessica
D:3:      layout_rooms, gup_sewer_entry_spiral, kennysheep_pointless_box,
          uniq_ijyb
D:4:      layout_basic, skrybe_limestone_x, uniq_menkaure
D:5:      layout_loops_ring, nrook_campfire, nicolae_stop_n_shop_1,
          minmay_misc_feat_plants, uniq_grinder
D:6:      minmay_chambers_of_fours, layout_basic, uniq_blork_the_orc
D:7:      layout_basic, temple_hall, grunt_decor_fettered
D:8:      layout_basic, nicolae_ashenzari_skybound, erik_lair_orcish_takeover,
          serial_curves, eino_curves_01, eino_curves_04, eino_tiny_chamber,
          kennysheep_cross_bottleneck, uniq_maurice, uniq_prince_ribbit1,
          uniq_maggie, uniq_grum
Temple:   dpeg_three_leaves_temple

Skill      XL: |  1  2  3  4  5  6  7  8  9 |
---------------+----------------------------+-----
Shields        | 3 4 5 |  5.7
Unarmed Combat | 3 4 5 6 8 |  8.3
Throwing       | 1 2 3 4 |  4.8
Fighting       | 3 4 5 |  5.3
Dodging        | 3 4 5 |  5.1
Evocations     | 1 2 3 |  3.7
Stealth        | 1 |  1.6

Action                   |  1- 3 |  4- 6 |  7- 9 | 10-12 || total
-------------------------+-------+-------+-------+-------++-------
Melee: Unarmed           |    68 |    75 |   156 |    31 ||   330
       Broad axe         |       |       |    34 |       ||    34
       Dire flail        |       |       |       |     2 ||     2
 Fire: Hunting sling     |    29 |   122 |    61 |    12 ||   224
Throw: Javelin           |     1 |     7 |    12 |     1 ||    21
       Boomerang         |       |       |    14 |     3 ||    17
Evoke: Wand              |       |       |    12 |     2 ||    14
  Use: Scroll            |     4 |     3 |    10 |     2 ||    19
       Potion            |       |     2 |     1 |       ||     3
 Stab: Sleeping          |     1 |       |     2 |       ||     3
Armor: Robe              |    35 |    30 |    60 |    10 ||   135
       Acid dragon scale |       |       |       |     6 ||     6
Dodge: Dodged            |    18 |    44 |    73 |    25 ||   160
Block: Kite shield       |    41 |    57 |   110 |    15 ||   223

Table legend: (Time is in decaauts)
 A = Elapsed time spent in this place.
 B = Non-inter-level travel time spent in this place.
 C = Inter-level travel time spent in this place.
 D = Time resting spent in this place.
 E = Time spent auto-exploring this place.
 F = Levels seen in this place.
 G = Mean time per level.
                   A        B        C        D        E       F      G
               +--------+--------+--------+--------+--------+-----+--------+
         Total |   7939 |   7742 |    197 |    598 |   5073 |  10 |  793.9 |
       Dungeon |   6952 |   6766 |    186 |    566 |   4470 |   8 |  869.0 |
        Temple |     74 |     63 |     11 |      0 |     46 |   1 |   74.0 |
         Sewer |    912 |    912 |      0 |     32 |    557 |   1 |  912.0 |
               +--------+--------+--------+--------+--------+-----+--------+

Top non-repeatable levels by time:
     D:6: 1258 daAuts
     D:5: 1074 daAuts
     D:4: 1058 daAuts
     D:7: 1023 daAuts
   Sewer: 912 daAuts
     D:2: 775 daAuts
     D:1: 761 daAuts
     D:3: 751 daAuts
     D:8: 249 daAuts
  Temple: 74 daAuts
